 Dungeon Crawl Stone Soup version 0.27-a0-46-g34d46f0a3f (webtiles) character file.

Game seed: 10252796788073521543

1794 kae the Insei (level 8, -2/64 HPs)
             Began as a Demonspawn Gladiator on Jan 6, 2021.
             Was a Follower of Wu Jian.
             Slain by an orc warrior
             ... wielding a +0 flail
              (10 damage)
             ... on level 6 of the Dungeon.
             The game lasted 00:04:28 (7640 turns).

kae the Insei (Demonspawn Gladiator)                Turns: 7640, Time: 00:04:28

Health: -2/64      AC: 12    Str: 22    XL:     8   Next: 82%
Magic:  8/8        EV: 14    Int:  9    God:    Wu Jian [*.....]
Gold:   366        SH:  0    Dex: 16    Spells: 7/7 levels left

rFire    . . .     SeeInvis .   f - +3 hand axe (vorpal)
rCold    . . .     Faith    .   (no shield)
rNeg     . . .     Spirit   .   s - +0 scale mail
rPois    .         Reflect  .   b - +1 helmet
rElec    .         Harm     .   d - +0 cloak
rCorr    +         Rampage  .   (no gloves)
Will     .....                  y - +1 pair of boots
Stlth    +.........             (no amulet)
HPRegen  0.20/turn              z - +6 ring of strength
MPRegen  0.11/turn              o - ring of resist corrosion

@: no status effects
A: talons 2, spiny 1, sturdy frame 1
a: Renounce Religion


You were on level 6 of the Dungeon.
You worshipped Wu Jian.
Wu Jian was aware of your devotion.
You visited 2 branches of the dungeon, and saw 7 of its levels.

You collected 366 gold pieces.

Inventory:

Hand Weapons
 e - a +0 hand axe
 f - a +3 vorpal hand axe (weapon)
Missiles
 c - 6 throwing nets (quivered)
Armour
 b - a +1 helmet (worn)
 d - a +0 cloak (worn)
 s - a +0 scale mail (worn)
 y - a +1 pair of boots (worn)
Jewellery
 i - an uncursed ring of magical power
 j - an uncursed ring of fire
 k - a +6 ring of intelligence
 o - a ring of resist corrosion (right hand)
 z - a +6 ring of strength (left hand)
Wands
 a - a wand of polymorph (10)
 A - a wand of acid (8)
Scrolls
 g - 6 scrolls of remove curse
 q - 2 scrolls of teleportation
 r - a scroll of identify
 v - a scroll of blinking
Potions
 h - a potion of attraction
 l - 6 potions of curing
 m - 4 potions of magic
 n - 4 potions of heal wounds
 p - a potion of haste
 t - a potion of ambrosia {unknown}
 u - a potion of mutation
 x - a potion of brilliance {unknown}


   Skills:
 + Level 5.7 Fighting
 - Level 1.7 Throwing
 + Level 2.8 Armour
 + Level 5.5 Dodging
 * Level 7.6 Unarmed Combat


You had 7 spell levels left.
You didn't know any spells.
Your spell library contained the following spells:

 Spells                   Type           Power        Failure   Level
 Corona                   Hex            0%           58%         1
 Ensorcelled Hibernation  Hex/Ice        0%           75%         2
 Confusing Touch          Hex            0%           92%         3
 Dazzling Flash           Conj/Hex       0%           92%         3
 Tukima's Dance           Hex            0%           92%         3


Dungeon Overview and Level Annotations

Branches:
Dungeon (6/15)             Temple (1/1) D:5

Altars:
Cheibriados
Dithmenos
Elyvilon
Fedhas
Gozag
Hepliaklqana
Kikubaaqudgha
Makhleb
Nemelex Xobeh
Okawaru
Qazlal
Ru
Sif Muna
Trog
Uskayaw
Vehumet
Wu Jian
Xom
Yredelemnul
Zin
The Shining One


Innate Abilities, Weirdness & Mutations

You have razor-sharp toenails.
You are partially covered in sharp spines.
Your movements are slightly less encumbered by armour. (ER -2)


Message History

You completely miss the orc warrior.
The orc warrior is lightly wounded.
The orc warrior misses you.
You barely miss the orc warrior.
The orc warrior is lightly wounded.
The orc warrior hits you with a +0 flail!
You closely miss the orc warrior.
The orc warrior is lightly wounded.
The orc warrior hits you with a +0 flail!
* * * LOW HITPOINT WARNING * * *
Your scale mail prevents you from hitting the orc warrior.
Your punch misses the orc warrior.
The orc warrior is lightly wounded.
The orc warrior is struck by your spines.
The orc warrior hits you with a +0 flail!
* * * LOW HITPOINT WARNING * * *
You barely miss the orc warrior.
The orc warrior is moderately wounded.
The orc warrior hits you with a +0 flail!
You die...

######### # #
#..)o...####.##.
#@...........
#)##.......... #.#
####.#.#.#
#########.# #. #.###
#..<....#.# #.###)).
#.#####...# .#
####..#..##
#.####.###....[.##.#
#.)......#......#...
#.####.#.#...##.[...


You could see an orc warrior.

Vanquished Creatures
  Edmund (D:6)
  Duvessa (D:6)
  3 ogres
  A centaur (D:5)
  A water moccasin zombie (D:5)
  Dowan (D:6)
  A scorpion (D:2)
  5 wights (D:6)
  4 howler monkeys
  2 hounds
  A quasit (D:6)
  A centaur zombie (D:5)
  An orc priest (D:6)
  A centaur skeleton (D:4)
  An iguana (D:4)
  Terence (D:3)
  3 orc wizards (D:6)
  A worker ant (D:4)
  3 hound skeletons
  8 gnolls
  8 adders
  2 white imps
  3 ufetubi (D:6)
  An ooze (D:2)
  5 worms
  A dart slug (D:1)
  3 leopard geckos
  27 orcs
  6 giant cockroaches
  19 goblins
  12 hobgoblins
  11 jackals
  4 quokkas
  A ball python (D:2)
  5 bats
  3 frilled lizards
  8 kobolds
  A leopard gecko skeleton (D:6)
  5 rats
166 creatures vanquished.

Vanquished Creatures (others)
  A jackal (D:1)
  3 plants (D:5)
4 creatures vanquished.

Grand Total: 170 creatures vanquished

Notes
Turn   | Place    | Note
-------+----------+-------------------------------------------
     0 | D:1      | kae the Demonspawn Gladiator began the quest for the Orb.
     0 | D:1      | Reached XP level 1. HP: 16/16 MP: 1/1
   118 | D:1      | Reached skill level 3 in Unarmed Combat
   126 | D:1      | Gained mutation: You are partially covered in sharp spines.
                  | [demonic ancestry]
   126 | D:1      | Reached XP level 2. HP: 8/22 MP: 2/2
  1080 | D:2      | Reached XP level 3. HP: 28/28 MP: 3/3
  1147 | D:2      | Found a shadowy altar of Dithmenos.
  1147 | D:2      | Noticed a scorpion
  1160 | D:2      | Killed a scorpion
  1161 | D:2      | Reached skill level 4 in Unarmed Combat
  1161 | D:2      | Gained mutation: Your movements are slightly less
                  | encumbered by armour. (ER -2) [demonic ancestry]
  1161 | D:2      | Reached XP level 4. HP: 12/34 MP: 4/4
  1595 | D:2      | Found a faded altar of an unknown god.
  1902 | D:2      | Gained mutation: You have sharp toenails. [demonic
                  | ancestry]
  1902 | D:2      | Reached XP level 5. HP: 32/41 MP: 5/5
  1991 | D:2      | Found a radiant altar of Vehumet.
  1992 | D:2      | Found a white marble altar of Elyvilon.
  2387 | D:3      | Noticed Terence
  2394 | D:3      | Killed Terence
  3040 | D:4      | Noticed an ogre
  3123 | D:3      | Killed an ogre
  3124 | D:3      | Reached skill level 5 in Unarmed Combat
  3124 | D:3      | Reached XP level 6. HP: 28/47 MP: 6/6
  3616 | D:4      | Identified the +1 hand crossbow of the Pure Songs {venom,
                  | rC+ Int+3}
  4576 | D:5      | Entered Level 5 of the Dungeon
  4692 | D:5      | Reached XP level 7. HP: 53/54 MP: 7/7
  4900 | D:5      | Found a staircase to the Ecumenical Temple.
  4919 | D:5      | Reached skill level 6 in Unarmed Combat
  5515 | Temple   | Entered the Ecumenical Temple
  5692 | Temple   | Became a worshipper of the Wu Jian Council
  6097 | D:6      | Noticed Edmund
  6443 | D:6      | Reached skill level 1 in Armour
  6502 | D:6      | Noticed Duvessa
  6504 | D:6      | Noticed Dowan
  6520 | D:6      | Killed Duvessa
  6521 | D:6      | Gained mutation: You have razor-sharp toenails. [demonic
                  | ancestry]
  6521 | D:6      | Reached XP level 8. HP: 25/61 MP: 8/8
  6522 | D:6      | Killed Dowan
  6523 | D:6      | Reached skill level 5 in Fighting
  6523 | D:6      | Reached skill level 5 in Dodging
  6524 | D:6      | Reached * piety under Wu Jian
  6642 | D:6      | Killed Edmund
  6643 | D:6      | Reached skill level 7 in Unarmed Combat
  7640 | D:6      | Slain by an orc warrior

Illustrated notes

Levels and vault maps discovered:
D:1:      dpeg_arrival_prison, layout_basic, columned_hall_lemuel,
          grunt_decor_arrowhead
D:2:      layout_basic, nicolae_overflow_hidden_temple,
          nicolae_dithmenos_shadow_blocks, chequers_ecumenical_altar_simple
D:3:      layout_basic, uniq_terence
D:4:      layout_basic
D:5:      corexii_shantytown, layout_basic,
          minmay_temple_entry_statues_fountains
D:6:      layout_loops_ring, gammafunk_ghost_mausoleum, uniq_duvessa,
          uniq_edmund
Temple:   regret_index_temple_mists

Skill      XL: |  1  2  3  4  5  6  7  8 |
---------------+-------------------------+-----
Unarmed Combat | 3 4 5 6 7 |  7.6
Dodging        | 3 4 5 |  5.5
Fighting       | 3 4 5 |  5.7
Armour         | 1 2 |  2.8
Throwing       | |  1.7

Action                   |  1- 3 |  4- 6 |  7- 9 || total
-------------------------+-------+-------+-------++-------
Melee: Unarmed           |    54 |       |       ||    54
       Hand axe          |    34 |    99 |   205 ||   338
       Punch             |       |     6 |     6 ||    12
       Kick              |       |    24 |    15 ||    39
Invok: Lunge             |       |       |     8 ||     8
       Whirlwind         |       |       |     2 ||     2
Evoke: Wand              |       |       |     1 ||     1
  Use: Scroll            |       |     8 |     6 ||    14
       Potion            |       |     1 |       ||     1
 Stab: Sleeping          |     2 |     1 |       ||     3
Armor: Leather armour    |    19 |    13 |     2 ||    34
       Scale mail        |       |       |    67 ||    67
Dodge: Dodged            |    64 |    64 |   147 ||   275

Table legend: (Time is in decaauts)
 A = Elapsed time spent in this place.
 B = Non-inter-level travel time spent in this place.
 C = Inter-level travel time spent in this place.
 D = Time resting spent in this place.
 E = Time spent auto-exploring this place.
 F = Levels seen in this place.
 G = Mean time per level.
                   A        B        C        D        E       F      G
               +--------+--------+--------+--------+--------+-----+--------+
         Total |   7795 |   7461 |    334 |   1118 |   5248 |   7 | 1113.6 |
       Dungeon |   7540 |   7253 |    287 |   1118 |   5044 |   6 | 1256.7 |
        Temple |    254 |    208 |     46 |      0 |    204 |   1 |  254.0 |
               +--------+--------+--------+--------+--------+-----+--------+

Top non-repeatable levels by time:
     D:5: 1605 daAuts
     D:4: 1515 daAuts
     D:6: 1321 daAuts
     D:2: 1075 daAuts
     D:1: 1068 daAuts
     D:3: 954 daAuts
  Temple: 254 daAuts
